 Dungeon Crawl Stone Soup version 0.13-a0-3104-gb5885e9 (webtiles) character file.

348 Malachi the Magician (level 5, -1/33 HPs)
             Began as a Mummy Wizard on Sept 19, 2013.
             Was an Initiate of Sif Muna.
             Killed by divine providence
             ... invoked by an orc priest
              (11 damage)
             ... on Level 4 of the Dungeon.
             The game lasted 00:10:08 (9146 turns).

Malachi the Magician (Mummy Wizard)                 Turns: 9146, Time: 00:10:08

HP  -1/33        AC  7     Str 10      XL: 5   Next: 79%
MP   1/14        EV 12     Int 18      God: Sif Muna [......]
Gold 108         SH  0     Dex 10      Spells:  5 memorised,  2 levels left

Res.Fire  : x . .   See Invis. : .   l - +2,+0 elf long sword
Res.Cold  : + . .   Warding    : .   a - +0 robe
Life Prot.: + + +   Conserve   : .   (no shield)
Res.Poison: +       Res.Corr.  : .   b - +0 wizard hat
Res.Elec. : .       Clarity    : .   (no cloak)
Sust.Abil.: . .     Spirit.Shd : .   n - +1 pair of dwarf gauntlets
Res.Mut.  : .       Stasis     : .   m - +2 pair of dwarf boots
Res.Rott. : +       Flight     : .   (no amulet)
Saprovore : . . .                    (no ring)
                                     (no ring)

@: very slightly contaminated, slightly resistant to hostile enchantments,
unstealthy
A: no food or potions, fire vulnerability, restore body, cold resistance 1, life
protection 3, poison resistance, torment resistance, unbreathing
a: Renounce Religion


You were on level 4 of the Dungeon.
You worshipped Sif Muna.
Sif Muna was pleased with you.
You were not hungry.

You visited 1 branch of the dungeon, and saw 4 of its levels.

You collected 88 gold pieces.

Inventory:

Hand weapons
 l - a +2,+0 elven long sword (weapon)
Armour
 a - a +0 robe (worn)
 b - a +0 wizard hat (worn)
 m - a +2 pair of dwarven boots (worn)
 n - a +1 pair of dwarven gauntlets (worn)
Scrolls
 d - a scroll of enchant weapon II {unknown}
 e - a scroll of enchant armour {unknown}
 f - a scroll of amnesia {unknown}
 g - 2 scrolls of identify {unknown}
 h - 2 scrolls of remove curse {unknown}
 i - 3 scrolls of fear {unknown}
 j - a scroll of teleportation {unknown}
 k - a scroll of fog {unknown}
Books
 c - a book of Minor Magic

   Spells                             Type                      Level
   *Magic Dart                        Conjuration                  1
   *Blink                             Translocation                2
   *Call Imp                          Summoning                    2
   Repel Missiles                     Charms/Air                   2
   Slow                               Hexes                        2
   *Conjure Flame                     Conjuration/Fire             3
   *Mephitic Cloud                    Conjuration/Poison/Air       3


   Skills:
 + Level 1.1 Fighting
 + Level 0.2 Long Blades
 - Level 1.5 Dodging
 - Level 1.5 Stealth
 - Level 0.1 Unarmed Combat
 * Level 4.7 Spellcasting
 - Level 3.0 Conjurations
 + Level 1.0 Summonings
 + Level 0.7 Translocations


You had 2 spell levels left.
You knew the following spells:

 Your Spells              Type           Power        Failure   Level  Hunger
a - Magic Dart            Conj           ###.         4%          1    N/A
b - Blink                 Tloc           N/A          17%         2    N/A
c - Call Imp              Summ           #.........   14%         2    N/A
d - Mephitic Cloud        Conj/Pois/Air  #.......     30%         3    N/A
f - Conjure Flame         Conj/Fire      #.......     24%         3    N/A

Dungeon Overview and Level Annotations

Branches:
Dungeon (4/27)
 Temple: D:4-7

Altars:
Ashenzari
Nemelex Xobeh
Sif Muna
Xom

Annotations:
D:2 Sigmund


Innate Abilities, Weirdness & Mutations

You do not eat or drink.
Your flesh is vulnerable to fire.
Your flesh is cold resistant.
You are immune to negative energy.
Your system is resistant to poisons.
You are immune to unholy pain and torment.
You can survive without breathing.


Message History

The orc wizard hits the scorpion but does no damage.
The orc wizard is engulfed in noxious fumes.
The orc wizard appears confused.
The orc priest mumbles some strange prayers to Beogh against you.
Something smites you!
An orc comes into view. It is wielding an orcish mace.
The orc is engulfed in noxious fumes.
The orc appears confused.
The orc hits it but does no damage.
The orc wizard is engulfed in noxious fumes.
The orc wizard appears confused.
The orc wizard cries.
The scorpion barely misses the orc wizard.
The orc is engulfed in noxious fumes.
The orc appears confused.
The orc wizard mumbles something.
The orc priest mumbles some strange prayers to Beogh against you.
Something smites you!
The orc priest looks more healthy.
The orc priest mumbles some strange prayers to Beogh against you.
Something smites you!
You die...

#####
######o.s....
#.@.ยงยง..o....
#..###.o.....
#....# ...##
#....# ###
#....# ####.#
#.. ... ... .


You could see a scorpion (confused), an orc priest, an orc wizard (confused) and
an orc.

Vanquished Creatures
  A crimson imp (D:3)
  An orc priest (D:3)
  An orc wizard (D:3)
  3 gnolls (D:3)
  2 adders
  A giant gecko (D:2)
  3 oozes
  8 orcs (D:3)
  2 ball pythons
  6 giant cockroaches (D:1)
  9 hobgoblins
  4 jackals (D:2)
  8 kobolds
  9 bats
  5 giant newts
  12 goblins
  3 quokkas
  8 rats
  A plant (D:2)
87 creatures vanquished.

Vanquished Creatures (collateral kills)
  An iguana (D:3)
  A gnoll (D:3)
2 creatures vanquished.

Vanquished Creatures (others)
  A shadow imp (D:3)
  2 white imps (D:3)
3 creatures vanquished.

Grand Total: 92 creatures vanquished

Notes
Turn   | Place    | Note
--------------------------------------------------------------
     0 | D:1      | Malachi, the Mummy Wizard, began the quest for the Orb.
     0 | D:1      | Reached XP level 1. HP: 11/11 MP: 5/5
   400 | D:1      | Reached skill level 1 in Conjurations
   900 | D:1      | Reached XP level 2. HP: 15/17 MP: 4/7
  2310 | D:1      | Reached XP level 3. HP: 22/22 MP: 2/9
  2664 | D:1      | Found a shimmering altar of Xom.
  4360 | D:2      | Noticed Sigmund
  5629 | D:3      | Learned a level 2 spell: Blink
  5632 | D:3      | Learned a level 2 spell: Call Imp
  5796 | D:3      | Reached XP level 4. HP: 28/28 MP: 8/11
  6372 | D:3      | Found a shattered altar of Ashenzari.
  6376 | D:3      | Found a deep blue altar of Sif Muna.
  6515 | D:3      | Became a worshipper of Sif Muna the Loreminder
  6815 | D:3      | Reached skill level 1 in Fighting
  7468 | D:3      | Reached XP level 5. HP: 24/33 MP: 4/13
  7727 | D:3      | Reached skill level 4 in Spellcasting
  8137 | D:3      | HP: 1/33 [orc priest/divine providence (16)]
  8429 | D:2      | Learned a level 3 spell: Mephitic Cloud
  8433 | D:2      | Learned a level 3 spell: Conjure Flame
  8851 | D:4      | Found a sparkling altar of Nemelex Xobeh.
  8869 | D:3      | Reached skill level 1 in Summonings
  9146 | D:4      | Killed from afar by an orc priest

Action                   |  1- 3 |  4- 6 || total
-------------------------+-------+-------++-------
Melee: Unarmed           |    22 |       ||    22
       Club              |   142 |       ||   142
       Long sword        |    19 |    24 ||    43
       Short sword       |     4 |       ||     4
 Cast: Magic Dart        |   121 |    96 ||   217
       Mephitic Cloud    |       |    10 ||    10
       Call Imp          |       |     8 ||     8
       Blink             |       |     1 ||     1
 Stab: Confused          |       |     3 ||     3
